[Event "Early-Titled-Tuesday-Blitz-January-23-2024"]
[Site "Chess.com"]
[Date "2024.01.23"]
[Round "4"]
[White "Bkmzzzzz"]
[Black "Djager97"]
[Result "0-1"]
[WhiteElo "2395"]
[BlackElo "2585"]
[TimeControl "180+1"]
[EndTime "8:38:35 PST"]
[Termination "Djager97 won by checkmate"]

1. e4 e6 2. Nf3 d5 3. exd5 exd5 4. d4 Nc6 5. Bb5 Bd6 6. O-O Ne7 7. Re1 O-O 8. Bg5 f6 9. Bh4 Bg4 10. c3 Nf5 11. Bg3 Nxg3 12. hxg3 Ne7 13. Nbd2 c6 14. Bd3 Qd7 15. Nf1 Bf5 16. Ne3 Bxd3 17. Qxd3 Rae8 18.
Re2 Ng6 19. Rae1 Re4 20. c4 Bb4 21. cxd5 cxd5 22. Rc1 Kh8 23. Rec2 Ba5 24. a3 h6 25. Nd2 Bxd2 26. Qxd2 f5 27. Rc7 Qe6 28. Rxb7 f4 29.
gxf4 Rexf4 30. f3 Nh4 31. Rcc7 Rg8 32. Nxd5 Rxf3 33. Qxh6+ Qxh6 34. gxf3 Qg5+ 35. Kf2 Qxd5 36. Rc5 Qxf3+ 37. Ke1 Ng2+ 38. Kd2 Qe3+ 39. Kc2 Nf4 40.
Rf7 Qd3+ 41. Kc1 Ne2# 0-1

[Event "Early-Titled-Tuesday-Blitz-January-23-2024"]
[Site "Chess.com"]
[Date "2024.01.23"]
[Round "4"]
[White "KorolDimitriy75"]
[Black "AsterPhoenix"]
[Result "0-1"]
[WhiteElo "2369"]
[BlackElo "2576"]
[TimeControl "180+1"]
[EndTime "8:38:35 PST"]
[Termination "AsterPhoenix won on time"]

1. d4 Nf6 2. c4 e6 3. Nc3 d5 4.
Bg5 dxc4 5. e4 b5 6. e5 h6 7.
Bh4 g5 8. exf6 gxh4 9. Nxb5 Bb7 10. Nf3 Bb4+ 11. Nc3 Nd7 12. Bxc4 Qxf6 13. Qa4 Bxf3 14. gxf3 Rb8 15. O-O-O Qxf3 16. Bd3 Bxc3 17. bxc3 Qf4+ 18. Kc2 Ke7 19. Rhe1 c5 20. Qa3 Kf6 21. Re4 Qxh2 22. Rd2 cxd4 23. Rxd4 Ne5 24. Qa5 Rhc8 25. Re2 Nc6 26.
Qc5 Nb4+ 27. Qxb4 Rxb4 28. Rxb4 Qc7 29. Rc4 Qb8 30. Rxc8 Qxc8 31. f3 Qc7 32. Kd2 Qg3 33. Ke3 h3 34. Be4 h2 35. Re1 Qxe1+ 0-1

[Event "Early-Titled-Tuesday-Blitz-January-23-2024"]
[Site "Chess.com"]
[Date "2024.01.23"]
[Round "4"]
[White "GMBenjaminBok"]
[Black "Glidzhian_Gor"]
[Result "1-0"]
[WhiteElo "2907"]
[BlackElo "2589"]
[TimeControl "180+1"]
[EndTime "8:38:36 PST"]
[Termination "GMBenjaminBok won by resignation"]

1. d4 Nf6 2. c4 c5 3. Nf3 cxd4 4.
Nxd4 g6 5. g3 Bg7 6. Bg2 O-O 7.
Nc3 Nc6 8. O-O d6 9. Nxc6 bxc6 10. Bxc6 Bh3 11. Bxa8 Qxa8 12. f3 Bxf1 13. Kxf1 Rc8 14. Qd3 Qc6 15. Be3 a6 16. b3 e6 17. Rc1 Nd7 18. Ne4 Bf8 19. Rd1 Rd8 20. Bg5 Ra8 21.
Nxd6 Ne5 22. Qe4 Bxd6 23. Qxc6 Nxc6 24. Rxd6 Nb4 25. Rd2 Nc6 26. Bf6 h6 27. h4 Kh7 28.
Kf2 Rc8 29. g4 g5 30. hxg5 hxg5 31. Bxg5 Kg6 32. Be3 f6 33. Bb6 f5 34. gxf5+ Kxf5 35. a3 Rh8 36. b4 Rh2+ 37. Kg3 Rh1 38. c5 Ne5 39. Rc2 Rg1+ 40. Kf2 Ra1 41. c6 Rxa3 42. c7 Rb3 43. c8=Q Rxb4 44. Qf8+ 1-0

[Event "Early-Titled-Tuesday-Blitz-January-23-2024"]
[Site "Chess.com"]
[Date "2024.01.23"]
[Round "4"]
[White "supereagles1201"]
[Black "dennisodessa"]
[Result "0-1"]
[WhiteElo "2359"]
[BlackElo "2635"]
[TimeControl "180+1"]
[EndTime "8:38:36 PST"]
[Termination "dennisodessa won by resignation"]

1. d4 Nf6 2. Bg5 c5 3. d5 Qb6 4. Nc3 Qxb2 5. Bd2 Qb6 6. e4 d6 7. f4 Bg4 8. Nf3 Nbd7 9. Rb1 Qc7 10. h3 Bxf3 11. Qxf3 a6 12. a4 g6 13. Bc4 Bg7 14. O-O O-O 15. g4 Ne8 16. Rb3 Rb8 17. Rfb1 Qc8 18.
Ne2 Nc7 19. a5 e6 20. Bc3 exd5 21. exd5 Nf6 22. Ng3 Re8 23. Rb6 Ncxd5 24. Bxd5 Nxd5 25. Bxg7 Nxb6 26. Ba1 Nd7 27. Ne4 Qd8 28. Nxd6 Re6 29. Rd1 Qe7 30. Nc4 Re1+ 31. Kf2 Re8 32. Ne5 Rxd1 33. Qxd1 Nxe5 34. Bxe5 f6 35. Bb2 Qe3+ 36. Kg2 Qe2+ 37. Qxe2 Rxe2+ 38. Kg3 Rxc2 39. Bxf6 Ra2 40. f5 Rxa5 41. fxg6 hxg6 42. h4 Kf7 43. Bc3 Ra3 0-1

[Event "Early-Titled-Tuesday-Blitz-January-23-2024"]
[Site "Chess.com"]
[Date "2024.01.23"]
[Round "4"]
[White "EvgenyBurmakin"]
[Black "NovozhilovSemen"]
[Result "1-0"]
[WhiteElo "2458"]
[BlackElo "2649"]
[TimeControl "180+1"]
[EndTime "8:38:37 PST"]
[Termination "EvgenyBurmakin won by checkmate"]

1. e4 c5 2. Nc3 Nc6 3. Bb5 Nd4 4.
Bc4 g6 5. Nf3 Bg7 6. Nxd4 cxd4 7. Qf3 e6 8. Nb5 Qb6 9. Qf4 Ke7 10. Nc7 Rb8 11. Nxe6 fxe6 12. Qxb8 d6 13. Qxc8 d5 14. exd5 exd5 15. Bxd5 Nf6 16. Qc4 Kd6 17. Bf3 Re8+ 18.
Kd1 Nd7 19. d3 Ne5 20. Bf4 Qxb2 21. Kd2 Kd7 22. Bxe5 Bh6+ 23. Ke2 Rxe5+ 24. Be4 Qb6 25.
Rhb1 Qd6 26. Rxb7+ Kd8 27. Rab1 Rc5 28. Rb8+ Ke7 29. R1b7+ Kf6 30. Qf7+ Kg5 31. f4+ Kh4 32. Qe7+ Qxe7 33. Rxe7 Rxc2+ 34. Kf3 Rc1 35. Rxh7 Rf1+ 36. Ke2 Rxf4 37. Rxh6+ Kg4 38. Rxg6+ Kh4 39. Rh8# 1-0

[Event "Early-Titled-Tuesday-Blitz-January-23-2024"]
[Site "Chess.com"]
[Date "2024.01.23"]
[Round "4"]
[White "invisible_s0ul"]
[Black "AndresDelgado77"]
[Result "0-1"]
[WhiteElo "2239"]
[BlackElo "2395"]
[TimeControl "180+1"]
[EndTime "8:38:37 PST"]
[Termination "AndresDelgado77 won by resignation"]

1. e4 e6 2. d4 d5 3. Nc3 Nf6 4. Bg5 Bb4 5. e5 h6 6. Bd2 Bxc3 7. bxc3 Ne4 8. Bd3 Nxd2 9. Qxd2 c5 10. f4 c4 11. Be2 Nc6 12. Nf3 Bd7 13. O-O b5 14.
a4 a6 15. axb5 axb5 16. Rxa8 Qxa8 17. Nh4 Qd8 18. Qe1 b4 19. f5 bxc3 20. fxe6 Bxe6 21. Nf3 Qa5 22. Qa1 Qxa1 23. Rxa1 O-O 24. Ra3 Bg4 25.
Rxc3 Bxf3 26. Bxf3 Nxd4 27. Kf2 Rd8 28. h4 g6 29. Re3 Nxc2 30. Re2 Nd4 31. Rd2 Nxf3 32. Kxf3 d4 33. Ke4 d3 34. g4 Kf8 35. Rd1 d2 36. Ke3 c3 37. g5 h5 38. Ke2 Ke7 0-1

[Event "Early-Titled-Tuesday-Blitz-January-23-2024"]
[Site "Chess.com"]
[Date "2024.01.23"]
[Round "4"]
[White "mbojan"]
[Black "BogdanDeac"]
[Result "1/2-1/2"]
[WhiteElo "2896"]
[BlackElo "3081"]
[TimeControl "180+1"]
[EndTime "8:38:39 PST"]
[Termination "Game drawn by repetition"]

1. a3 e5 2. e3 d5 3. d4 Nc6 4. Nf3 Bg4 5. dxe5 Nxe5 6. Nbd2 Nf6 7. h3 Nxf3+ 8. Nxf3 Be6 9. Nd4 Bd7 10. c4 Be7 11.
cxd5 Nxd5 12. Be2 c5 13. Nf3 Nb6 14. Ne5 Ba4 15. b3 Qxd1+ 16. Bxd1 Bf6 17. bxa4 Bxe5 18.
Rb1 O-O-O 19. Bf3 Nd5 20. Bd2 b6 21. a5 Kc7 22. Ke2 Nc3+ 23. Bxc3 Bxc3 24. axb6+ axb6 25. Rhd1 Rxd1 26. Rxd1 Rd8 27. Rxd8 Kxd8 28. Bd5 f6 29. a4 Ke7 30. Bc4 f5 31. f4 Kf6 32.
h4 g6 33. Kf3 Bd2 34. Ke2 Bc3 35. Kf3 Be1 36. Bb5 h6 37. g3 g5 38. hxg5+ hxg5 39. g4 fxg4+ 40. Kxg4 gxf4 41. exf4 Bd2 42. Kf3 c4 43.
Bxc4 Bb4 44. Ke4 Bc5 45. f5 Bg1 46. Be6 Bc5 47. Kd5 Bg1 48. Kc4 Bf2 49. Kb5 Bg1 50. Kb4 Bf2 51. Kb3 Bg1 52. Kc3 Bf2 53. Kd3 Bg1 54. Ke4 Bf2 55. Kd5 Bg1 56. Ke4 1/2-1/2

[Event "Early-Titled-Tuesday-Blitz-January-23-2024"]
[Site "Chess.com"]
[Date "2024.01.23"]
[Round "4"]
[White "GlavkonVVS"]
[Black "quvnoq_muxlis"]
[Result "0-1"]
[WhiteElo "2478"]
[BlackElo "2668"]
[TimeControl "180+1"]
[EndTime "8:38:40 PST"]
[Termination "quvnoq_muxlis won by resignation"]

1. c4 Nf6 2. Nc3 e5 3. g3 Bb4 4. Bg2 O-O 5. Nf3 d6 6. O-O Re8 7. d3 h6 8. e4 a5 9. Nh4 Nc6 10. h3 Nd4 11. Be3 Bc5 12. Nf3 c6 13. Kh2 Nd7 14.
a3 Nf8 15. Rb1 Ng6 16. b4 Ba7 17. Bxd4 exd4 18. Ne2 Qf6 19. b5 Bc5 20. a4 h5 21.
Qd2 h4 22. Qg5 hxg3+ 23. fxg3 Qxg5 24. Nxg5 Ne5 25. Rb3 f6 26. Nf3 cxb5 27. Rxb5 Nxd3 28. Nfxd4 Ne5 29. Nf5 g6 30. Nh4 Kg7 31. Nf4 Ra7 32.
Nd5 Rf8 33. Nf3 Bd7 34. Rbb1 Bxa4 35. Nxe5 dxe5 36. Rfc1 Bc6 37. h4 a4 38. Nc3 a3 39.
Nb5 Bxb5 40. cxb5 a2 41. Ra1 Bd4 42. b6 Ra3 43. Rc7+ Rf7 44. Rxa2 Rxa2 45. Rxf7+ Kxf7 0-1

[Event "Early-Titled-Tuesday-Blitz-January-23-2024"]
[Site "Chess.com"]
[Date "2024.01.23"]
[Round "4"]
[White "viviania"]
[Black "ukchessbomber"]
[Result "0-1"]
[WhiteElo "2900"]
[BlackElo "2677"]
[TimeControl "180+1"]
[EndTime "8:38:41 PST"]
[Termination "ukchessbomber won on time"]

1. e4 b6 2. d4 Bb7 3. Bd3 e6 4. Nf3 d6 5. c4 Nd7 6. Nc3 Ngf6 7. O-O g6 8. h3 Bg7 9. Be3 O-O 10. Qd2 e5 11. d5 Nc5 12. Bc2 a5 13. b3 Nh5 14.
a3 a4 15. b4 Nb3 16. Bxb3 axb3 17. Qb2 f5 18. Qxb3 Bc8 19. Qd1 f4 20. Bd2 g5 21.
Nxe5 Qe8 22. Ng4 f3 23. gxf3 Nf4 24. Bxf4 Rxf4 25. Nb5 Qf7 26. e5 dxe5 27. d6 h5 28. Ne3 c6 29. Nc7 Rxf3 30. Nxa8 Rxh3 31. Re1 Qf4 32.
Kf1 Rh2 33. Ra2 e4 34. d7 Bxd7 35. Qxd7 Qf3 36. Qc8+ Bf8 0-1

[Event "Early-Titled-Tuesday-Blitz-January-23-2024"]
[Site "Chess.com"]
[Date "2024.01.23"]
[Round "4"]
[White "Zurability"]
[Black "FARIZA2018"]
[Result "0-1"]
[WhiteElo "2740"]
[BlackElo "2550"]
[TimeControl "180+1"]
[EndTime "8:38:41 PST"]
[Termination "FARIZA2018 won by resignation"]

1. d4 Nf6 2. c4 e6 3. Nf3 d5 4.
Nc3 Be7 5. Bg5 O-O 6. e3 h6 7. Bh4 b6 8. Rc1 Ba6 9. Bxf6 Bxf6 10. cxd5 Bxf1 11. Kxf1 exd5 12. g3 c6 13. Kg2 Qd6 14.
Ne2 Nd7 15. Nf4 Rac8 16. h4 Rfe8 17. Qa4 a5 18. Rc2 c5 19. Rhc1 Rcd8 20. Qb5 cxd4 21. exd4 Re4 22. Qxd5 Qxd5 23. Nxd5 Nf8 24. Nxf6+ gxf6 25. Rc6 Ne6 26. Rxb6 f5 27. Rb5 f4 28. Re1 Rxe1 29.
Nxe1 fxg3 30. Kxg3 Rxd4 31. Rxa5 Rd2 32. Rb5 Nd4 33.
Rb8+ Kg7 34. a4 Rd1 35. Ng2 Rd3+ 36. Kf4 f5 37. Ke5 Nc6+ 38. Kxf5 Nxb8 39. Nf4 Rb3 0-1

[Event "Early-Titled-Tuesday-Blitz-January-23-2024"]
[Site "Chess.com"]
[Date "2024.01.23"]
[Round "4"]
[White "GaiozNigalidze"]
[Black "Ceejay271"]
[Result "1-0"]
[WhiteElo "2708"]
[BlackElo "2510"]
[TimeControl "180+1"]
[EndTime "8:38:41 PST"]
[Termination "GaiozNigalidze won on time"]

1. d4 d5 2. c4 e6 3. Nf3 Nf6 4. Nc3 h6 5. cxd5 exd5 6. Bf4 Bd6 7. g3 Bxf4 8. gxf4 c6 9. Ne5 O-O 10. Qc2 c5 11. dxc5 Qa5 12. O-O-O Qxc5 13. e3 Nc6 14. Bg2 d4 15. Bxc6 dxc3 16. Bf3 cxb2+ 17. Kxb2 Qxc2+ 18. Kxc2 Bf5+ 19. Kb2 Rac8 20. Rc1 Be4 21. Bxe4 Nxe4 22. f3 Nd6 23. Rhd1 Rxc1 24. Rxc1 Rc8 25. Rd1 Nc4+ 26. Nxc4 Rxc4 27. Rd8+ Kh7 28. Rd7 Rb4+ 29. Kc3 a5 30. Rxf7 b5 31. f5 Kg8 32. Rb7 Rb1 33. Kc2 Re1 34.
Kd3 b4 35. Rb5 Rh1 36. Rxa5 Rxh2 37. e4 Rf2 38. Ke3 Rb2 39. Kf4 1-0

[Event "Early-Titled-Tuesday-Blitz-January-23-2024"]
[Site "Chess.com"]
[Date "2024.01.23"]
[Round "4"]
[White "Egor_Koshulyan"]
[Black "soloderisas"]
[Result "1-0"]
[WhiteElo "2696"]
[BlackElo "2463"]
[TimeControl "180+1"]
[EndTime "8:38:41 PST"]
[Termination "Egor_Koshulyan won by resignation"]

1. e4 d6 2. d4 Nf6 3. Nc3 e5 4. Nf3 exd4 5. Nxd4 Be7 6. Bc4 O-O 7. O-O c6 8. a4 d5 9. exd5 cxd5 10. Bb3 Nc6 11.
Bg5 h6 12. Bh4 Qb6 13. Nf3 d4 14. Bxf6 Bxf6 15. Nd5 Qd8 16. Qd3 Bg4 17. Rad1 Rc8 18. Rd2 Bg5 19. Nxg5 Qxg5 20. f4 Qf5 21. Qg3 Rfe8 22.
c4 Be2 23. Re1 d3 24. Qf2 Na5 25. Ba2 Nxc4 26. Bxc4 Rxc4 27. Ne3 Qxf4 28. Nxc4 Qxc4 29. Qg3 Qd4+ 30. Kh1 Qb4 31. Rxd3 Qxb2 32. Qf2 Re6 33. Re3 Qb4 34. R3xe2 Rf6 35. Re8+ Kh7 36. Qc2+ g6 37. h3 Qxa4 38. Qxa4 1-0

[Event "Early-Titled-Tuesday-Blitz-January-23-2024"]
[Site "Chess.com"]
[Date "2024.01.23"]
[Round "4"]
[White "AttilaTurzo"]
[Black "sterpfi"]
[Result "1-0"]
[WhiteElo "2503"]
[BlackElo "2206"]
[TimeControl "180+1"]
[EndTime "8:38:41 PST"]
[Termination "AttilaTurzo won on time"]

1. d4 d5 2. Nf3 Nf6 3. Bf4 e6 4. e3 Bd6 5. Nbd2 O-O 6. c3 c5 7.
Bd3 Bxf4 8. exf4 Qc7 9. g3 cxd4 10. Nxd4 e5 11. fxe5 Qxe5+ 12. Qe2 Re8 13. Qxe5 Rxe5+ 14. Kd1 Nc6 15. Re1 Rxe1+ 16. Kxe1 Nxd4 17. cxd4 Bh3 18. f3 Re8+ 19. Kf2 h5 20. Rc1 Re7 21. Nb3 b6 22. Rc6 Kf8 23. Nc1 Ke8 24. Ne2 Bd7 25. Rc7 Kd8 26. Rxa7 Bc6 27. Rxe7 Kxe7 28. h4 Bd7 29.
Nc3 Kd6 30. Ke3 Ne8 31. a4 Nc7 32. b4 Ne6 33. a5 bxa5 34. bxa5 Bc6 35. g4 g6 36. gxh5 gxh5 37. a6 Kc7 38. f4 Kb6 39. f5 Ng7 40. Kf4 f6 41. Bb5 Bxb5 42. Nxb5 Kxa6 43.
Nc7+ 1-0

[Event "Early-Titled-Tuesday-Blitz-January-23-2024"]
[Site "Chess.com"]
[Date "2024.01.23"]
[Round "4"]
[White "DefiantChair"]
[Black "GothamChess"]
[Result "1-0"]
[WhiteElo "2553"]
[BlackElo "2743"]
[TimeControl "180+1"]
[EndTime "8:38:42 PST"]
[Termination "DefiantChair won by checkmate"]

1. e4 d5 2. exd5 Qxd5 3. Nc3 Qa5 4. d4 Nf6 5. Bc4 Bf5 6. Nf3 e6 7. Qe2 Bb4 8. Bd2 O-O 9. O-O-O c6 10. Ne5 Nd5 11. Bxd5 exd5 12. g4 Be6 13. a3 Bxc3 14. Bxc3 Qa6 15. Qf3 Nd7 16. Nd3 b6 17. h4 Qc4 18. h5 c5 19. h6 cxd4 20. hxg7 Rfc8 21. Qh3 Nf6 22. Ne5 Qa2 23. Rxd4 Rxc3 24. bxc3 Rc8 25. Rf4 Qxa3+ 26. Kd2 Kxg7 27. Qh6+ Kg8 28. Qxf6 Qxc3+ 29. Ke2 Qxc2+ 30. Kf3 Rc3+ 31. Kg2 d4 32. Qd8+ Kg7 33.
Qxd4 Rc5 34. Qe4 Bd5 35. Rxh7+ Kg8 36. Qxd5 Rxd5 37. Rh5 Qd2 38. Rg5+ Kf8 39. Rxf7+ Ke8 40. Rg8# 1-0

[Event "Early-Titled-Tuesday-Blitz-January-23-2024"]
[Site "Chess.com"]
[Date "2024.01.23"]
[Round "4"]
[White "AlexandraSamaganova"]
[Black "RandomNoob04"]
[Result "0-1"]
[WhiteElo "2376"]
[BlackElo "2577"]
[TimeControl "180+1"]
[EndTime "8:38:43 PST"]
[Termination "RandomNoob04 won by resignation"]

1. c4 Nf6 2. Nc3 e6 3. e4 d5 4.
e5 d4 5. exf6 dxc3 6. bxc3 Qxf6 7.
Nf3 b6 8. d4 Bb7 9. Be2 h6 10.
O-O Bd6 11. a4 a5 12. Ba3 Bxa3 13. Rxa3 O-O 14. Qb1 Rd8 15. c5 Nd7 16. cxb6 Nxb6 17. Ne5 Rab8 18. Rb3 Qg5 19. Bf3 Bxf3 20. Nxf3 Qd5 21.
Ne5 f6 22. Ng6 Qd7 23. Rb5 Kf7 24. Nf4 Kg8 25. Re1 Re8 26. h3 Ra8 27. Qg6 Qf7 28.
Qg4 Nxa4 29. Rxe6 Rxe6 30. Nxe6 Nxc3 31. Rc5 f5 32. Rxf5 Qd7 33. Re5 Re8 34. Qg6 Qf7 35. Qxf7+ Kxf7 36. d5 a4 37. Re3 Nxd5 38. Rf3+ Kxe6 39.
Ra3 Ra8 40. f4 Nb6 41. f5+ Kxf5 42. g4+ Ke5 43. Kg2 Kd4 44. Kg3 Nc4 45. Ra1 a3 0-1

[Event "Early-Titled-Tuesday-Blitz-January-23-2024"]
[Site "Chess.com"]
[Date "2024.01.23"]
[Round "4"]
[White "Saraisitave"]
[Black "KononenkoD"]
[Result "0-1"]
[WhiteElo "2346"]
[BlackElo "2553"]
[TimeControl "180+1"]
[EndTime "8:38:43 PST"]
[Termination "KononenkoD won on time"]

1. e4 d5 2. exd5 Qxd5 3. Nc3 Qa5 4. d4 Nf6 5. Bd2 c6 6. Qe2 Qc7 7. O-O-O g6 8. h4 h5 9. f3 Bg7 10. Nh3 Bxh3 11. Rxh3 Nbd7 12. g3 e6 13. Bf4 Qa5 14.
Kb1 O-O-O 15. Ne4 Nxe4 16. fxe4 e5 17. Bd2 Qc7 18. d5 c5 19. g4 hxg4 20. Qxg4 Qd6 21.
Rf3 Bf6 22. Bg5 Bxg5 23. hxg5 Rh7 24. Bh3 Kb8 25. Rdf1 Qe7 26. c4 Nb6 27. b3 Nc8 28.
Rf6 Nd6 29. Rxd6 Qxd6 30. Rf6 Qe7 31. d6 Qf8 32. d7 a6 33. Qg3 Qe7 34. Bg4 Ka7 35.
Qf2 Rh1+ 36. Kb2 Ka8 37. Ka3 Rhh8 38. Rxf7 Qd6 39. Rf6 Qc7 40. Qd2 Rh7 41. Qd5 Qa5+ 42. Kb2 Rh2+ 0-1

[Event "Early-Titled-Tuesday-Blitz-January-23-2024"]
[Site "Chess.com"]
[Date "2024.01.23"]
[Round "4"]
[White "yaguigor"]
[Black "19912131712118"]
[Result "1-0"]
[WhiteElo "2621"]
[BlackElo "2423"]
[TimeControl "180+1"]
[EndTime "8:38:44 PST"]
[Termination "yaguigor won by resignation"]

1. Nf3 c5 2. e4 e6 3. d4 cxd4 4.
Nxd4 Nc6 5. Nc3 a6 6. Nxc6 bxc6 7.
Qf3 d5 8. Qg3 Nf6 9. Be2 d4 10.
e5 dxc3 11. exf6 Qxf6 12. bxc3 Bc5 13. O-O O-O 14. Bg5 Qg6 15. Bd3 f5 16. Rfe1 Re8 17.
Bc4 a5 18. Bf4 Qxg3 19. hxg3 Ba6 20. Bxe6+ Kf8 21. Bxf5 g6 22. Bd3 Red8 23. Rad1 Ba3 24. c4 Bb4 25. Re4 Re8 26. Rxe8+ Rxe8 27. Kf1 Bc3 28. Bd2 Bd4 29. Bxa5 c5 30. Bd2 Bb7 31. a4 Kg7 32. a5 Rf8 33. Be1 Be5 34.
Kg1 h5 35. Rb1 Bc6 36. Rb6 Rf6 37. a6 Bc7 38. Rb1 Ba8 39. Bc3 Kf7 40. Bxf6 Kxf6 41. a7 Ke6 42. Rb8 1-0

[Event "Early-Titled-Tuesday-Blitz-January-23-2024"]
[Site "Chess.com"]
[Date "2024.01.23"]
[Round "4"]
[White "hawes33"]
[Black "MasterKroket"]
[Result "1-0"]
[WhiteElo "2301"]
[BlackElo "2499"]
[TimeControl "180+1"]
[EndTime "8:38:44 PST"]
[Termination "hawes33 won by resignation"]

1. e4 e5 2. Nf3 Nc6 3. d4 exd4 4. Bc4 Nf6 5. e5 d5 6. Bb5 Ne4 7. Nxd4 Bd7 8. Bxc6 bxc6 9. O-O Bc5 10. f3 Ng5 11. f4 Ne4 12. Be3 Bb6 13. c3 c5 14.
Nb3 Bc6 15. N1d2 Nxd2 16. Qxd2 a5 17. Nxc5 O-O 18. b4 axb4 19. cxb4 Bb5 20. Rf3 Bc4 21. a4 Re8 22. a5 Bxc5 23. Bxc5 f6 24. Bd4 fxe5 25.
Bxe5 Ra6 26. Rg3 Rg6 27. Rxg6 hxg6 28. Qd4 Qh4 29. a6 Ra8 30. a7 Qe7 31. b5 Qb4 32.
Bxg7 Qxb5 33. Bh8 Qb6 34. Be5 Kf7 35. Qxb6 cxb6 36. Bb8 d4 37. Kf2 Ke6 38. Re1+ Kd5 39. Re5+ Kc6 40. Ke1 b5 41. Kd2 b4 42. Re4 Kd5 43. Re5+ Kc6 44. Rg5 b3 45. Rxg6+ Kc5 46. Rg7 Kb4 47. Rb7+ Ka3 48. Bd6+ Ka2 49. Bb8 Bd5 50.
Rb5 b2 51. Rxd5 1-0

[Event "Early-Titled-Tuesday-Blitz-January-23-2024"]
[Site "Chess.com"]
[Date "2024.01.23"]
[Round "4"]
[White "Chesstrainer1"]
[Black "Rgoltsman"]
[Result "1-0"]
[WhiteElo "2516"]
[BlackElo "2276"]
[TimeControl "180+1"]
[EndTime "8:38:45 PST"]
[Termination "Chesstrainer1 won on time"]

1. e4 g6 2. d4 Bg7 3. Nc3 c5 4.
dxc5 Qa5 5. Bd2 Qxc5 6. Nd5 Na6 7. Nf3 Nf6 8. Bc3 Nxe4 9. Bd4 Bxd4 10. Qxd4 Qxd4 11. Nxd4 e6 12. Bxa6 exd5 13. Bd3 O-O 14. f3 Nc5 15. O-O-O d6 16. Nb5 Be6 17. Rhe1 Rac8 18.
Nxd6 Rc6 19. Nb5 Rfc8 20. c3 Rb6 21. Nd4 Na4 22. Re2 a5 23. Rc2 Kg7 24. Re1 Kf6 25.
Nb3 Nc5 26. Nxc5 Rxc5 27. Kd2 a4 28. a3 Rd6 29. Ke3 b5 30. Kd4 Rdc6 31. Rce2 Ke7 32.
Re5 Kd6 33. g4 Rc8 34. h3 Re8 35. f4 f6 36. R5e3 Rcc8 37. Bxb5 Re7 38. Bd3 Rb8 39. f5 1-0

[Event "Early-Titled-Tuesday-Blitz-January-23-2024"]
[Site "Chess.com"]
[Date "2024.01.23"]
[Round "4"]
[White "Binary010"]
[Black "DenLaz"]
[Result "0-1"]
[WhiteElo "2887"]
[BlackElo "3087"]
[TimeControl "180+1"]
[EndTime "8:38:47 PST"]
[Termination "DenLaz won on time"]

1. e4 c5 2. Nf3 e6 3. d4 cxd4 4. Nxd4 Nc6 5. Nc3 Qc7 6. Be3 a6 7. a3 Nf6 8. f4 d6 9. Qf3 Bd7 10. O-O-O Rc8 11. g4 Nxd4 12. Rxd4 d5 13. exd5 Nxd5 14.
Rxd5 exd5 15. Bd4 Bd6 16. Bxg7 Rg8 17. Bd4 Bxf4+ 18. Kb1 Bxg4 19. Qd3 Be6 20. Qxh7 Kd7 21. Bh3 Kc6 22. Rf1 Rcf8 23. b4 b5 24. Qd3 Bxh2 25. Bc5 Rg3 26. Qd2 Rxh3 27. Bxf8 Be5 28. Ne2 Kb7 29. Bc5 Rxa3 30. Nd4 Bxd4 31. Qxd4 Rg3 32.
Kb2 Rg4 33. Qf6 a5 34. Ra1 a4 35. Ra3 Re4 36. Bd4 Rf4 37. Qh8 Qc4 38. Bc5 Rf2 39.
Rc3 a3+ 40. Kxa3 Rh2 0-1

[Event "Early-Titled-Tuesday-Blitz-January-23-2024"]
[Site "Chess.com"]
[Date "2024.01.23"]
[Round "4"]
[White "JuniorJumper"]
[Black "artin10862"]
[Result "0-1"]
[WhiteElo "2563"]
[BlackElo "2825"]
[TimeControl "180+1"]
[EndTime "8:38:47 PST"]
[Termination "artin10862 won by checkmate"]

1. b3 a5 2. a3 Nf6 3. Bb2 d5 4. e3 c6 5. Nf3 Bf5 6. c4 e6 7. Nc3 Nbd7 8. d4 Bd6 9. Bd3 O-O 10. O-O Ne4 11. Bxe4 dxe4 12. Nd2 Nf6 13. f3 exf3 14.
Qxf3 Bg6 15. e4 e5 16. d5 Bc5+ 17. Kh1 Bd4 18. Na4 Re8 19. Rfe1 Nd7 20. Qd3 Nc5 21. Nxc5 Bxb2 22. Rab1 Bxa3 23. Na4 Bb4 24. Rf1 Rc8 25. Nf3 f6 26. Rbd1 cxd5 27. cxd5 b5 28. Qxb5 Bxe4 29. Nh4 Qd6 30. Qe2 Bg6 31. Nxg6 hxg6 32. Qg4 f5 33. Qh4 e4 34. Qf2 Qe5 35. h3 Bd6 36.
Nb6 Qh2# 0-1

[Event "Early-Titled-Tuesday-Blitz-January-23-2024"]
[Site "Chess.com"]
[Date "2024.01.23"]
[Round "4"]
[White "Iskusnyh"]
[Black "DvaHrasta"]
[Result "1-0"]
[WhiteElo "2653"]
[BlackElo "2422"]
[TimeControl "180+1"]
[EndTime "8:38:47 PST"]
[Termination "Iskusnyh won on time"]

1. d4 Nf6 2. c4 e6 3. g3 d5 4. Nf3 Bb4+ 5. Bd2 Be7 6. Bg2 O-O 7. O-O c6 8. Qc2 b5 9. c5 a5 10. Nc3 b4 11. Na4 Ba6 12. Bg5 h6 13. Bxf6 Bxf6 14.
Nb6 Ra7 15. a3 b3 16. Qxb3 Bxe2 17. Rfc1 Nd7 18. Nxd7 Qxd7 19. Qe3 Bxf3 20. Bxf3 Rb7 21. b3 Rfb8 22. Bd1 Qc7 23. f4 g6 24. Bc2 Kg7 25. Rf1 Rh8 26. Rad1 Qb8 27. Kg2 Qa7 28. Qd3 h5 29.
Rde1 Re7 30. h3 Qc7 31. Re2 Qb8 32. Rf3 Qc7 33. Re5 Qb8 34. Rfe3 Bxe5 35. fxe5 Kf8 36.
Rf3 Ke8 37. Qa6 Qb7 38. Qxa5 Kd7 39. a4 Rb8 40. Qd2 Qb4 41. Qf2 Rf8 42. Bxg6 fxg6 43. Rxf8 Qxb3 44. Ra8 Qd3 45. h4 Qe4+ 46. Kh2 g5 47.
Qb2 1-0

[Event "Early-Titled-Tuesday-Blitz-January-23-2024"]
[Site "Chess.com"]
[Date "2024.01.23"]
[Round "4"]
[White "suspiciumchess"]
[Black "lefonghua"]
[Result "1-0"]
[WhiteElo "2389"]
[BlackElo "2620"]
[TimeControl "180+1"]
[EndTime "8:38:47 PST"]
[Termination "suspiciumchess won on time"]

1. d4 Nf6 2. c4 c5 3. d5 e6 4. Nc3 exd5 5. cxd5 d6 6. Nf3 g6 7.
Nd2 Nbd7 8. e4 Bg7 9. Be2 O-O 10. O-O Re8 11. a4 g5 12. Re1 Ne5 13. Nf1 g4 14. Qc2 a6 15. Ng3 Ng6 16. Nd1 Qc7 17. Ne3 Nf4 18.
Bf1 N4h5 19. Nef5 Bxf5 20. Nxf5 Nxd5 21. Bd2 Ne7 22. Nxg7 Nxg7 23. Bc3 Ng6 24. Rad1 Ne5 25. Qd2 Rad8 26. Qh6 Qe7 27. Bc4 Kh8 28. Bd5 Rg8 29. Kh1 Ne6 30. Qh5 Rg5 31. Qh4 Rdg8 32. Qg3 Qf6 33.
Bxb7 Nf4 34. Bd2 Ned3 35. Re3 Rh5 36. Rxd3 Nxd3 37. Qxd3 Qh4 38. Bc3+ 1-0

[Event "Early-Titled-Tuesday-Blitz-January-23-2024"]
[Site "Chess.com"]
[Date "2024.01.23"]
[Round "4"]
[White "azikom"]
[Black "LiadCuba"]
[Result "0-1"]
[WhiteElo "2687"]
[BlackElo "2453"]
[TimeControl "180+1"]
[EndTime "8:38:47 PST"]
[Termination "LiadCuba won by checkmate"]

1. c4 Nf6 2. Nc3 e6 3. e4 d5 4. e5 d4 5. exf6 dxc3 6. bxc3 Qxf6 7. Nf3 c5 8. Bd3 Bd7 9. Be4 Bc6 10. Qe2 Bd6 11. Rb1 Qe7 12. O-O O-O 13. d4 Rc8 14.
Bg5 Qc7 15. d5 exd5 16. cxd5 Ba4 17. c4 Nd7 18. Qd3 h6 19. Rfe1 hxg5 20. Bh7+ Kf8 21.
Bf5 Re8 22. Nxg5 Bxh2+ 23. Kf1 Bg3 24. fxg3 Nf6 25. Kg1 Rxe1+ 26. Rxe1 Re8 27. Rxe8+ Bxe8 28. Qe3 Qe7 29. Qf4 Qe1+ 30. Kh2 Qd1 31. Bh3 Qe2 32. Qd6+ Kg8 33. Qxc5 Qh5 34. Nf3 Bd7 35. g4 Bxg4 36. Ng1 Qe5+ 37. Kh1 Ne4 38. Qb4 Nf2# 0-1

[Event "Early-Titled-Tuesday-Blitz-January-23-2024"]
[Site "Chess.com"]
[Date "2024.01.23"]
[Round "4"]
[White "Alonmindlin"]
[Black "s4p0ud"]
[Result "1-0"]
[WhiteElo "2705"]
[BlackElo "2499"]
[TimeControl "180+1"]
[EndTime "8:38:48 PST"]
[Termination "Alonmindlin won on time"]

1. e4 c5 2. c3 g6 3. d4 cxd4 4. cxd4 d5 5. exd5 Nf6 6. Bc4 Bg7 7. Nc3 O-O 8. Nge2 Nbd7 9. Nf4 Nb6 10. Bb3 a5 11. a3 Bf5 12. O-O a4 13. Ba2 h6 14.
Re1 Qd7 15. h3 g5 16. Nh5 Nxh5 17. Qxh5 Bg6 18. Qg4 Qxg4 19. hxg4 Rfe8 20. Be3 Bd3 21. Rac1 Red8 22. d6 Rxd6 23. d5 Nd7 24. Red1 Ne5 25.
Bc5 Rd7 26. f3 Bg6 27. d6 exd6 28. Rxd6 Bf8 29. Rxd7 Bxc5+ 30. Kh2 Nxd7 31. Nd5 Bd6+ 32. Kh3 Kg7 33. Rd1 Be5 34. Ne7 Nf6 35. Rc1 Bxb2 36.
Rc7 Ne8 37. Rxb7 Bxa3 38. Nxg6 Kxg6 39. Bxf7+ Kf6 40. Bd5 Nd6 41. Rh7 Re8 42. Bc6 Rc8 43. Bxa4 Ke5 44. Rxh6 Rf8 45. Bd7 Bc1 46. Kh2 Kd5 47.
Be6+ Ke5 48. Bb3 Bf4+ 49. g3 Bd2 50. Re6+ Kd4 51. Rxd6+ Kc3 52. Bd5 Rxf3 53. Bxf3 1-0